 Dungeon Sprint DCSS version 0.28.0-45-g0d030f2227 (webtiles) character file.

Game seed: 10651005589910701204

334 Groucho the Covert (level 6, -5/28 HPs)
             Began as a Spriggan Enchanter on Apr 4, 2022.
             Slain by a boulder beetle (11 damage)
             ... in the Dungeon (Sprint II: "The Violet Keep of Menkaure").
             The game lasted 00:00:52 (25 turns).

Groucho the Covert (Spriggan Enchanter)               Turns: 25, Time: 00:00:53

Health: -5/28      AC:  2    Str:  6    XL:     6   Next: 27%
Magic:  8/17       EV: 22    Int: 16    God:
Gold:   0          SH:  0    Dex: 16    Spells: 20/20 levels left

rFire   . . .      SeeInvis +   a - +1 dagger
rCold   . . .      Faith    .   (no shield)
rNeg    . . .      Spirit   .   b - +0 robe
rPois   .          Reflect  .   (helmet restricted)
rElec   .          Harm     .   (no cloak)
rCorr   .          Rampage  .   (gloves unavailable)
Will    +....      NoTele   +   (boots unavailable)
Stlth   +++++.....              (no amulet)
HPRegen 0.09/turn               (no ring)
MPRegen 0.15/turn               (no ring)

@: very quick
A: very small, no large weapons, unfitting armour, see invisible, speed 3
a: no special abilities


You were in the Dungeon.
You visited 1 branch

Inventory:

Hand Weapons
 a - a +1 dagger (weapon)
Armour
 b - a +0 robe (worn)
Scrolls
 i - a scroll of blinking
Potions
 d - a potion of curing
 e - a potion of heal wounds
 f - a potion of haste
 g - 2 potions of magic
 h - a potion of berserk rage


   Skills:
 + Level 6.5 Short Blades
 + Level 8.2 Dodging
 + Level 10.3 Stealth
 + Level 7.6 Spellcasting
 + Level 8.0 Hexes


You had 20 spell levels left.
You didn't know any spells.
Your spell library contained the following spells:

 Spells                   Type           Power      Damage    Failure   Level
 Confusing Touch          Hex            31%        N/A       1%          3
 Tukima's Dance           Hex            31%        N/A       1%          3
 Ensorcelled Hibernation  Hex/Ice        36%        N/A       3%          2
 Dazzling Flash           Conj/Hex       36%        N/A       7%          3


Dungeon Overview and Level Annotations

Branches:
Dungeon (1/1)

Altars:


Innate Abilities, Weirdness & Mutations

You are very small and have problems with some larger weapons.
You are too small for most types of armour.
You have supernaturally acute eyesight. (SInv)
You cover ground extremely quickly. (Speed+++)


Message History

You have reached level 5!
You feel agile.
There is an open door here.
The helpless necrophage fails to defend itself.
You spit the necrophage like a pig!!!
You destroy the necrophage!
Your Dodging skill increases to level 7!
Your Stealth skill increases to level 9!
Your Spellcasting skill increases to level 7!
Your Hexes skill increases to level 7!
The helpless necrophage fails to defend itself.
You skewer the necrophage like a kebab!!!
You destroy the necrophage!
Your Short Blades skill increases to level 6!
Your Dodging skill increases to level 8!
Your Stealth skill increases to level 10!
Your Hexes skill increases to level 8!
You have reached level 6!
You flicker for a moment.
There is an open door here.
You open the door. 2 boulder beetles come into view.
Found 243 gold pieces.
There is an open door here.
The helpless boulder beetle fails to defend itself.
You stick the boulder beetle like a pincushion!!!
The boulder beetle is severely wounded.
The boulder beetle closely misses you.
You hit the boulder beetle.
The boulder beetle is severely wounded.
The boulder beetle bites you!!
Ouch! That really hurt!
* * * LOW HITPOINT WARNING * * *
You hit the boulder beetle but do no damage.
The boulder beetle is severely wounded.
You completely miss the boulder beetle.
The boulder beetle is severely wounded.
You flicker back into view.
The boulder beetle bites you!
You die...

##
#+###.##
##.##...#
+.<.'##$+
##.##...#
#'###.##
#.#@# ##
#.B#B.#
##.#$##
##+##


You could see a boulder beetle.

Vanquished Creatures
  4 necrophages (D)
4 creatures vanquished.

Notes
Turn   | Place    | Note
-------+----------+-------------------------------------------
     0 | D        | Groucho the Spriggan Enchanter began the quest for the Orb.
     0 | D        | Reached XP level 1. HP: 9/9 MP: 5/5
     1 | D        | Noticed a necrophage
     1 | D        | Noticed a necrophage
     1 | D        | Noticed a necrophage
     1 | D        | Noticed a necrophage
     7 | D        | Killed a necrophage
     8 | D        | Reached skill level 5 in Dodging
     8 | D        | Reached skill level 7 in Stealth
     8 | D        | Reached skill level 5 in Spellcasting
     8 | D        | Reached skill level 5 in Hexes
     8 | D        | Reached XP level 2. HP: 13/13 MP: 6/9
     8 | D        | Reached XP level 3. HP: 16/16 MP: 6/10
     8 | D        | Reached XP level 4. HP: 21/21 MP: 7/12
    11 | D        | Killed a necrophage
    12 | D        | Reached skill level 5 in Short Blades
    12 | D        | Reached skill level 8 in Stealth
    12 | D        | Reached XP level 5. HP: 24/24 MP: 7/14
    14 | D        | Killed a necrophage
    15 | D        | Reached skill level 9 in Stealth
    15 | D        | Killed a necrophage
    16 | D        | Reached skill level 10 in Stealth
    16 | D        | Reached XP level 6. HP: 28/28 MP: 7/17
    19 | D        | Noticed a boulder beetle
    19 | D        | Noticed a boulder beetle
    25 | D        | Slain by a boulder beetle

Illustrated notes

Levels and vault maps discovered:
D:        the_violet_keep_of_menkaure [sprint2_stairs_cluster_1,
          sprint2_shoproom, sprint2_temple, sprint2_basic_supplies,
          sprint2_obstacle_4, sprint2_obstacle_6, sprint2_obstacle_1,
          sprint2_obstacle_3, sprint2_obstacle_5, sprint2_timed_cluster_1,
          sprint2_smallroom_cluster_1, sprint2_smallroom_final_cluster_1,
          sprint2_transparent_cluster_1, sprint2_second_timed_cluster_1,
          sprint2_sniper_area_1, sprint2_heavy_combat_area_1,
          sprint2_mutation_trap_area_1, sprint2_forest_area_1,
          sprint2_light_combat_area_1, sprint2_behind_water_1,
          sprint2_near_end_vault_1]

Skill      XL: |  1  2  3  4  5 |
---------------+----------------+-----
Short Blades   | 4 5 6 |  6.5
Dodging        | 5 6 8 |  8.2
Stealth        | 7 8 10 | 10.3
Spellcasting   | 5 6 7 |  7.6
Hexes          | 5 6 8 |  8.0

Action                   |  1- 3 |  4- 6 || total
-------------------------+-------+-------++-------
Melee: Dagger            |     3 |    10 ||    13
  Use: Potion            |     1 |       ||     1
 Stab: Invisible         |     1 |     2 ||     3
       Sleeping          |     1 |     3 ||     4
Dodge: Dodged            |     4 |     3 ||     7
